 Dungeon Crawl Stone Soup version 0.14-a0-2162-g062a2ce (webtiles) character file.

923 4tharraofdagon the Firebug (level 7, -2/50 HPs)
             Began as a Demigod Fire Elementalist on Jan 28, 2014.
             Slain by an orc warrior
             ... wielding a -1,+0 orcish glaive
              (12 damage)
             ... on Level 9 of the Dungeon.
             The game lasted 00:10:18 (1488 turns).

4tharraofdagon the Firebug (DgFE)                   Turns: 1488, Time: 00:10:18

HP  -2/50        AC  2     Str 11      XL: 7   Next: 31%
MP   6/19        EV 18     Int 22      God:
Gold 134         SH  0     Dex 23      Spells:  3 memorised,  4 levels left

rFire  . . .     SeeInvis .     D - +0,+1 flail (crush)
rCold  . . .     Clarity  .     a - +0 robe (curse)
rNeg   . . .     Conserve .     (no shield)
rPois  .         rCorr    .     (no helmet)
rElec  .         rRot     .     (no cloak)
SustAb . .       Spirit   .     (no gloves)
rMut   .         Warding  .     (no boots)
Saprov . . .     Stasis   .     (no amulet)
MR     .....                    (no ring)
                                q - ring of teleport control

@: agile, not resistant to hostile enchantments, quite stealthy
A: no striking features
a: Evoke Teleport Control


You were on level 9 of the Dungeon.
You were hungry.

You visited 1 branch of the dungeon, and saw 10 of its levels.

You collected 134 gold pieces.

Inventory:

Hand weapons
 d - a cursed +1,+1 hand axe
 h - a -1,+0 dwarven hand axe
 D - a +0,+1 flail of crushing (weapon)
Missiles
 j - 17 stones (quivered)
 l - 19 darts
 C - 15 darts of flame
Armour
 a - a cursed +0 robe (worn)
Magical devices
 t - a wand of fire (2)
 y - a wand of lightning (6)
 B - a wand of paralysis (13)
Comestibles
 c - 2 bread rations
 u - a meat ration
 A - a beef jerky
 E - a chunk of worker ant flesh
Scrolls
 e - a scroll of curse armour {unknown}
 f - a scroll of curse weapon {unknown}
 g - a scroll of silence {unknown}
 i - a scroll of amnesia {unknown}
 k - a scroll of enchant weapon III {unknown}
 n - a scroll of fog {unknown}
 o - 5 scrolls of identify {unknown}
 p - a scroll of fear {unknown}
 r - 3 scrolls of teleportation {unknown}
 w - a scroll of enchant armour {unknown}
Jewellery
 q - a ring of teleport control (left hand)
 v - an uncursed amulet of stasis {unknown}
Potions
 s - a potion of blood
 z - 2 potions of curing
 F - a potion of agility
Books
 b - a book of Flames

   Spells                             Type                      Level
   *Flame Tongue                      Conjuration/Fire             1
   Throw Flame                        Conjuration/Fire             2
   *Conjure Flame                     Conjuration/Fire             3
   Inner Flame                        Hexes/Fire                   3
   *Sticky Flame                      Conjuration/Fire             4
   Fireball                           Conjuration/Fire             5


   Skills:
 - Level 1.7 Dodging
 - Level 1.7 Stealth
 + Level 3.4 Spellcasting
 * Level 4.8 Conjurations
 * Level 5.7 Fire Magic


You had 4 spell levels left.
You knew the following spells:

 Your Spells              Type           Power        Failure   Level  Hunger
a - Flame Tongue          Conj/Fire      ####.        1%          1    None
b - Conjure Flame         Conj/Fire      ####....     4%          3    ###....
c - Sticky Flame          Conj/Fire      ####....     14%         4    ####...


Dungeon Overview and Level Annotations

Branches:
Dungeon (10/16)
 Temple: D:4-7          Orc: D:9-12        Lair: D:8-11

Annotations:
D:5 Blork the orc
D:10 Bastard's ghost, powerful FoFi


Message History

Confirm with . or Enter, or press ? or * to list all spells.
Aiming: Flame Tongue
Press: ? - help, Shift-Dir - straight line, f/p - orc warrior
Aim: an orc warrior, wielding an orcish glaive and wearing an orcish plate armour (heavily wounded, covered in liquid flames)
The flame hits the orc warrior.
The orc warrior is heavily wounded.
The orc warrior burns!
The orc warrior hits you with an orcish glaive!
Ouch! That really hurt!
* * * LOW HITPOINT WARNING * * *
Casting: Flame Tongue
Confirm with . or Enter, or press ? or * to list all spells.
Aiming: Flame Tongue
Press: ? - help, Shift-Dir - straight line, f/p - orc warrior
Aim: an orc warrior, wielding an orcish glaive and wearing an orcish plate armour (severely wounded, covered in liquid flames)
The flame hits the orc warrior.
The orc warrior appears unharmed.
The orc warrior is severely wounded.
The orc warrior burns!
The orc warrior hits you with an orcish glaive!
You die...

#.# #####.##
######......#
#....#......#
####....#......#
.........#####'##
.........# #.######
.........#####......#
.........oo.@o...###....
##......o#####..#
#...#.### ...# .... #.
##... .# .. #### ...
..oo ...o. ..o.


You could see 2 orc warriors and 2 orcs.

Vanquished Creatures
  2 hippogriffs (D:8)
  Edmund (D:8)
  A sky beast (D:8)
  An eye of draining (D:10)
  3 scorpions
  2 hounds
  A giant frog skeleton (D:10)
  A water moccasin skeleton (D:6)
  A worker ant (D:8)
  3 mummies
  2 adders (D:2)
  A giant eyeball (D:10)
  2 giant cockroaches (D:2)
  2 goblins
  5 hobgoblins
  2 quokkas
  2 bats (D:2)
  A giant gecko zombie (D:7)
  2 giant newts
  A hobgoblin skeleton (D:4)
  4 kobolds
  2 rats
42 creatures vanquished.

Vanquished Creatures (others)
  A jelly (D:5)
1 creature vanquished.

Grand Total: 43 creatures vanquished

Notes
Turn   | Place    | Note
--------------------------------------------------------------
     0 | D:1      | 4tharraofdagon, the Demigod Fire Elementalist, began the quest for the Orb.
     0 | D:1      | Reached XP level 1. HP: 14/14 MP: 3/3
     7 | D:1      | Reached skill level 1 in Conjurations
   115 | D:2      | Reached XP level 2. HP: 4/20 MP: 0/4
   160 | D:2      | Reached skill level 3 in Fire Magic
   312 | D:2      | Reached XP level 3. HP: 24/26 MP: 0/8
   317 | D:2      | Learned a level 3 spell: Conjure Flame
   372 | D:3      | Found a burning altar of Makhleb.
   374 | D:3      | Noticed an Executioner
   377 | D:3      | Found a glowing silver altar of Zin.
   378 | D:3      | Noticed an angel
   453 | D:5      | Entered Level 5 of the Dungeon
   482 | D:5      | Noticed Blork the orc
   576 | D:5      | Found an iron altar of Okawaru.
   705 | D:6      | Reached XP level 4. HP: 33/33 MP: 6/10
   780 | D:6      | Found a basalt altar of Yredelemnul.
   886 | D:7      | Reached skill level 4 in Fire Magic
   974 | D:8      | Noticed a hippogriff
   982 | D:8      | Killed a hippogriff
   982 | D:8      | Reached XP level 5. HP: 27/38 MP: 5/12
   991 | D:8      | Learned a level 4 spell: Sticky Flame
  1076 | D:8      | Found a blossoming altar of Fedhas.
  1109 | D:8      | Noticed Edmund
  1109 | D:8      | Noticed a sky beast
  1110 | D:8      | Noticed a hippogriff
  1123 | D:8      | Killed a sky beast
  1123 | D:8      | Reached XP level 6. HP: 26/45 MP: 9/15
  1156 | D:8      | Killed Edmund
  1156 | D:8      | Reached skill level 5 in Fire Magic
  1227 | D:8      | Killed a hippogriff
  1227 | D:8      | Reached XP level 7. HP: 30/50 MP: 11/19
  1323 | D:9      | Paralysed by a potion of paralysis for 5 turns
  1361 | D:10     | Entered Level 10 of the Dungeon
  1423 | D:10     | Paralysed by a giant eyeball for 4 turns
  1437 | D:10     | Noticed Bastard's ghost (powerful FoFi)
  1437 | D:10     | Noticed a yak
  1488 | D:9      | Slain by an orc warrior

Action                   |  1- 3 |  4- 6 |  7- 9 || total
-------------------------+-------+-------+-------++-------
Melee: Hand axe          |    48 |     6 |       ||    54
       Flail             |       |     2 |    11 ||    13
 Cast: Flame Tongue      |    23 |    20 |     9 ||    52
       Conjure Flame     |     1 |     4 |     2 ||     7
       Sticky Flame      |       |     3 |     2 ||     5
Evoke: Wand              |       |     7 |       ||     7
  Use: Potion            |     6 |       |     3 ||     9
       Scroll            |       |     2 |       ||     2
